 Dungeon Crawl Stone Soup version 0.27.0-1-g7a089689b8 (webtiles) character file.

Game seed: 13121674519265056953

119 ZombieSheep the Bolt Thrower (level 5, 0/32 HPs)
             Began as a Kobold Hunter on Aug 10, 2021.
             Slain by a white imp (3 damage)
             ... on level 1 of the Abyss.
             The game lasted 00:04:48 (2525 turns).

ZombieSheep the Bolt Thrower (Kobold Hunter)        Turns: 2525, Time: 00:04:49

Health: 0/32       AC:  6    Str: 11    XL:     5   Next: 23%
Magic:  5/5        EV: 11    Int: 12    God:
Gold:   43         SH:  0    Dex: 15    Spells: 4/4 levels left

rFire    . . .     SeeInvis .   b - +0 short sword
rCold    . . .     Faith    .   (shield restricted)
rNeg     . . .     Spirit   .   h - +0 scale mail
rPois    .         Reflect  .   (no helmet)
rElec    .         Harm     .   (no cloak)
rCorr    .         Rampage  .   (no gloves)
Will     .....                  (no boots)
Stlth    +.........             (no amulet)
HPRegen  0.10/turn              (no ring)
MPRegen  0.09/turn              (no ring)

@: no status effects
A: small, no large weapons, nightstalker 3
a: no special abilities


You were on level 1 of the Abyss.
You visited 1 branch of the dungeon, and saw 2 of its levels.
You visited the Abyss 1 time.

You collected 43 gold pieces.

Inventory:

Hand Weapons
 a - a +1 hand crossbow
 b - a +0 short sword (weapon)
Missiles
 d - 16 bolts
 k - a throwing net (quivered)
Armour
 h - a +0 scale mail (worn)
Scrolls
 c - a scroll of amnesia {unknown}
 j - a scroll of teleportation
Potions
 e - a potion of attraction {unknown}
 f - a potion of flight


   Skills:
 + Level 3.5 Fighting
 + Level 3.2 Short Blades
 + Level 5.8 Crossbows
 - Level 2.4 Dodging
 - Level 1.3 Stealth


You had 4 spell levels left.
You didn't know any spells.
Your spell library contained the following spells:

 Spells                   Type           Power      Damage    Failure   Level
 Foxfire                  Conj/Fire      0%         2x1d4     91%         1
 Blink                    Tloc           N/A        N/A       97%         2
 Conjure Flame            Conj/Fire      0%         6-21      99%         3
 Inner Flame              Hex/Fire       0%         N/A       99%         3
 Lesser Beckoning         Tloc           0%         N/A       99%         3
 Manifold Assault         Tloc           0%         N/A       100%        5


Dungeon Overview and Level Annotations

Branches:
Dungeon (2/15)

Altars:


Innate Abilities, Weirdness & Mutations

You are small and have problems with some larger weapons.
You are completely attuned to the shadows.


Message History

The white imp is heavily wounded.
The white imp barely misses you. The worldbinder barely misses you.
The worldbinder hits you but does no damage.
You hit the white imp.
The white imp is heavily wounded.
The white imp gestures at you. The puff of frost hits you.
The worldbinder hits you. The worldbinder misses you.
Unknown command.
You hit the white imp.
The white imp is heavily wounded.
The orc priest hits you but does no damage.
The worldbinder hits you.
The worldbinder hits you but does no damage.
The white imp barely misses you.
You closely miss the white imp.
The white imp is heavily wounded.
The worldbinder hits you but does no damage.
The worldbinder closely misses you. The orc priest closely misses you.
The orc priest hits you with a +0 mace. The white imp barely misses you.
The worldbinder hits you but does no damage.
The worldbinder misses you.
You hit the white imp but do no damage.
The white imp is heavily wounded.
The orc priest barely misses you.
The orc priest looks encouraged for a moment.
The orc priest barely misses you. The worldbinder hits you.
The worldbinder closely misses you. The white imp gestures at you.
The puff of frost misses you.
The puff of frost hits the orc priest!
The orc priest dies!
The orc priest's corpse disappears in a puff of smoke!
Your scale mail prevents you from hitting the white imp.
The white imp is heavily wounded.
The worldbinder hits you. x2
* * * LOW HITPOINT WARNING * * *
The orc priest hits you with a +1 mace of protection.
* * * LOW HITPOINT WARNING * * *
The white imp hits you.
You die...

# # # .## #
...### ## ###
# .....#..# .
# # ##..5#..#
#. . #
.#.oo@##. ..#
## #...x§##.#
#.
....#..##...#
.. #
.##.###...#.#
. # . ..#....
.## # # . #.#
.#####.#.. .
....# ## . #.
.## ..##.#


You could see a worldbinder, 2 orc priests and a white imp.

Vanquished Creatures
  Terence (D:2)
  2 adders (D:2)
  A gnoll (D:1)
  A white imp (Abyss:1)
  4 dart slugs (D:1)
  8 ball pythons
  2 bats (D:1)
  4 endoplasms
  3 giant cockroaches (D:1)
  3 hobgoblins (D:1)
  4 jackals (D:1)
  3 quokkas (D:1)
  4 frilled lizards (D:1)
  4 goblins
  4 kobolds
  2 rats (D:1)
50 creatures vanquished.

Notes
Turn   | Place    | Note
-------+----------+-------------------------------------------
     0 | D:1      | ZombieSheep the Kobold Hunter began the quest for the Orb.
     0 | D:1      | Reached XP level 1. HP: 12/12 MP: 1/1
   273 | D:1      | Found a faded altar of an unknown god.
   327 | D:1      | Reached skill level 1 in Short Blades
   471 | D:1      | Reached skill level 5 in Crossbows
   471 | D:1      | Reached XP level 2. HP: 4/18 MP: 2/2
   894 | D:1      | Reached XP level 3. HP: 22/22 MP: 3/3
  1435 | D:1      | Reached XP level 4. HP: 23/28 MP: 4/4
  2139 | D:2      | Noticed Terence
  2149 | D:2      | Killed Terence
  2150 | D:2      | Reached XP level 5. HP: 20/32 MP: 5/5
  2394 | D:2      | Cast into level 1 of the Abyss (kobold)
  2517 | Abyss:1  | Noticed a worldbinder
  2525 | Abyss:1  | Slain by a white imp

Illustrated notes

Levels and vault maps discovered:
D:1:      amcnicky_arrival_single_pillar, layout_loops_ring,
          basic_ecumenical_altar, patterned_corridor
D:2:      layout_basic, uniq_terence
Abyss:1:  base:
D:2

Skill      XL: |  1  2  3  4 |
---------------+-------------+-----
Short Blades   | 1 2 3 |  3.2
Crossbows      | 5 |  5.8
Fighting       | 3 |  3.5
Dodging        | |  2.4
Stealth        | |  1.3

Action                   |  1- 3 |  4- 6 || total
-------------------------+-------+-------++-------
Melee: Short sword       |   129 |    38 ||   167
 Fire: Hand crossbow     |     5 |    26 ||    31
  Use: Scroll            |       |     6 ||     6
 Stab: Sleeping          |    10 |     3 ||    13
       Distracted        |       |     1 ||     1
Armor: Leather armour    |    22 |     7 ||    29
       Scale mail        |       |    14 ||    14
Dodge: Dodged            |    99 |    42 ||   141
